 Dungeon Crawl Stone Soup version 0.18.1-48-g4cf74bf (webtiles) character file.

83 MTVSty1e the Skirmisher (level 4, 0/29 HPs)
             Began as a Gargoyle Fighter on Aug 8, 2016.
             Slain by a gnoll
             ... wielding a +0 halberd
              (11 damage)
             ... on level 3 of the Dungeon.
             The game lasted 00:05:32 (1911 turns).

MTVSty1e the Skirmisher (Gargoyle Fighter)          Turns: 1911, Time: 00:05:33

Health: 0/29       AC: 12    Str: 26    XL:     4   Next: 44%
Magic:  4/4        EV:  8    Int:  8    God:
Gold:   165        SH:  9    Dex:  9    Spells: 0 memorised, 3 levels left

rFire  + . .     SeeInvis .     a - +0 war axe
rCold  . . .     Gourm    .     b - +0 scale mail
rNeg   + . .     Faith    .     c - +0 shield
rPois  ∞         Spirit   .     (no helmet)
rElec  +         Dismiss  .     u - +1 cloak
rCorr  .         Reflect  .     (no gloves)
SustAt .         Harm     .     (no boots)
MR     .....                    (no amulet)
Stlth  ..........               s - +3 ring of slaying
                                A - ring of protection from fire

@: mighty, not resistant to hostile enchantments, extremely unstealthy
A: negative energy resistance 1, electricity resistance, unbreathing,
petrification resistance, rot immunity, AC +3
a: no special abilities


You were on level 3 of the Dungeon.
You were not hungry.

You visited 1 branch of the dungeon, and saw 3 of its levels.

You collected 165 gold pieces.

Inventory:

Hand Weapons
 a - a +0 war axe (weapon)
Armour
 b - a +0 scale mail (worn)
 c - a +0 shield (worn)
 u - a +1 cloak (worn)
Jewellery
 o - a +5 ring of dexterity
 s - a +3 ring of slaying (right hand)
 z - an uncursed ring of wizardry
 A - a ring of protection from fire (left hand)
Scrolls
 i - 3 scrolls of identify
Potions
 d - 2 potions of might
 e - a potion of degeneration {unknown}
 g - 2 potions of resistance
 j - a potion of lignification {unknown}
 k - a potion of heal wounds {unknown}
 l - a potion of magic {unknown}
 m - 2 potions of brilliance {unknown}
 p - 2 potions of curing {unknown}
 t - a potion of haste {unknown}
 w - a potion of mutation {unknown}
Comestibles
 f - a bread ration
 h - a meat ration
 r - a beef jerky


   Skills:
 * Level 3.8 Fighting
 * Level 2.7 Axes
 + Level 3.8 Armour
 + Level 1.0 Dodging
 + Level 3.6 Shields


You had 3 spell levels left.
You didn't know any spells.

Dungeon Overview and Level Annotations

Branches:
Dungeon (3/15)

Altars:
Dithmenos
Nemelex Xobeh
Vehumet


Innate Abilities, Weirdness & Mutations

You are resistant to torment.
Your stone body is resilient (AC +3).
You are immune to poison.
You resist negative energy.
You are resistant to electric shocks.
You can survive without breathing.
You are immune to petrification.
You are immune to rotting.


Message History

You hit the gnoll.
The gnoll is severely wounded.
The gnoll barely misses you. The gnoll hits you but does no damage.
You block the gnoll's attack.
Drink which item? (? for menu, Esc to quit)
You feel very mighty all of a sudden.
The gnoll hits you but does no damage. x2; The gnoll barely misses you.
You barely miss the gnoll.
The gnoll is severely wounded.
The gnoll closely misses you. x2; You block the gnoll's attack. x2
You barely miss the gnoll.
The gnoll is severely wounded.
The gnoll barely misses you. The gnoll hits you but does no damage.
The gnoll barely misses you. The gnoll completely misses you.
You slash the gnoll!
You kill the gnoll!
The gnoll closely misses you. You block the gnoll's attack.
The gnoll hits you but does no damage. The gnoll hits you but does no damage.
The gnoll hits you with a halberd!
You die...

,,,,,*,*,*,#.*#####..#.########..
,***,*,*,*.#..,...#.....[........
,,,,,,,*,*....###.##.#.#########.
,,,,,,,*,###.........#<........'.
,,,,,,,*,..............#########.
,***+*,,,........<...............
,,,,,,,,,......"..............###
,*,,,,,,,.%..#.gg.............###
,,,,,,,,,.......@................
,,,,,,,,,###.#.#.............####
,,,,,,,,,* *,#,#†####........# #
,,,,,,,,,* #.#.#.# #........# #
,,,,,***** #.....####........####
**,,,,,* #........#........##..
*,,,,,* #........######.#.##..
*,,,,,* #...............#.##..
*,,,,,* #...(...........#..#..


You could see 2 gnolls.

Vanquished Creatures
  An adder (D:2)
  A gnoll (D:3)
  An ooze (D:1)
  4 worms
  A giant gecko (D:2)
  4 bats
  3 giant cockroaches
  6 goblins
  8 hobgoblins
  4 kobolds
  A quokka (D:2)
  2 ball pythons (D:2)
  3 giant newts
  6 rats
45 creatures vanquished.

Notes
Turn   | Place    | Note
--------------------------------------------------------------
     0 | D:1      | MTVSty1e the Gargoyle Fighter began the quest for the Orb.
     0 | D:1      | Reached XP level 1. HP: 14/14 MP: 1/1
   154 | D:1      | Reached XP level 2. HP: 19/19 MP: 2/2
   758 | D:2      | Reached XP level 3. HP: 20/23 MP: 3/3
  1313 | D:2      | Found a shadowy altar of Dithmenos.
  1317 | D:2      | Found a sparkling altar of Nemelex Xobeh.
  1322 | D:2      | Found a radiant altar of Vehumet.
  1580 | D:3      | Reached skill level 1 in Dodging
  1580 | D:3      | Reached XP level 4. HP: 24/29 MP: 4/4
  1911 | D:3      | Slain by a gnoll

Skill      XL: |  1  2  3 |
---------------+----------+-----
Axes           | 2 |  2.7
Dodging        | 1 |  1.0
Fighting       | |  3.8
Armour         | |  3.8
Shields        | |  3.6

Action                   |  1- 3 |  4- 6 || total
-------------------------+-------+-------++-------
Melee: War axe           |    82 |    41 ||   123
  Use: Scroll            |       |     7 ||     7
       Potion            |       |     1 ||     1
  Eat: Pizza             |     1 |       ||     1
       Beef jerky        |     1 |       ||     1
Armor: Scale mail        |    52 |    27 ||    79
Dodge: Dodged            |    20 |    17 ||    37
Block: Shield            |    44 |    28 ||    72
